Map: Central Protocol

Players

Solipsis

  • Race: Terran Terran
  • League: Silver

HUJYGUN - Winner!

  • Race: Protoss Protoss
  • League: Silver

VOD

Have the link to the VOD?

Description

Time

  • Played on: Dec. 6, 2015, 2:49 a.m.
  • Length: 15:09
Show
View Real Time Build Order
Export as new Build Order

Solipsis Terran 

Build Orders: MMM Bio, Banshee Rush 

Get SALT Encoding   

  12  0:01  SCV  
  13  0:13  SCV  
  14  0:18  Supply Depot  
  14  0:25  SCV  
  15  0:41  Barracks  
  15  0:44  SCV  
  16  0:56  SCV, Refinery  
  17  0:59  Refinery  
  17  1:08  SCV  
  18  1:20  SCV  
  19  1:26  Supply Depot  
  19  1:31  Marine  
  19  1:32  SCV  
  21  1:44  Factory  
  21  1:45  SCV  
  22  2:07  Barracks Reactor  
  22  2:09  Supply Depot  
  22  2:13  SCV  
  23  2:33  SCV  
  23  2:51  Starport  
  23  2:58  Barracks Tech Lab  
  23  2:59  Command Center  
  23  3:00  Widow Mine  
  23  3:05  Widow Mine  
  27  3:16  Orbital Command  
  27  3:39  Barracks Reactor, Widow Mine x2  
  31  3:43  Banshee  
  34  3:49  Cloaking Field  
  34  4:12  Barracks  
  34  4:16  Widow Mine x2  
  36  4:21  Marine x2  
  40  4:38  Banshee  
  40  4:39  Marine  
  40  4:40  Marine  
  45  4:54  SCV  
  46  5:06  SCV  
  47  5:08  Marine x2  
  47  5:10  Barracks Tech Lab  
  47  5:11  Bunker, Widow Mine x2  
  53  6:09  Supply Depot  
  53  6:12  Supply Depot  
  53  6:13  Engineering Bay  
  53  6:14  Liberator, Marine  
  53  6:16  Armory  
  53  6:18  Engineering Bay  
  54  6:20  Stimpack  
  54  6:31  SCV, Marauder, Marine x2  
  62  6:33  Widow Mine x2  
  66  6:53  Marauder  
  68  6:58  Liberator  
  68  7:06  Marine x2  
  67  7:08  Widow Mine  
  67  7:11  Widow Mine  
  67  7:14  Marauder  
  70  7:25  Orbital Command  
  70  7:32  Supply Depot  
  70  7:35  Supply Depot  
  70  7:48  Marine  
  70  7:49  Marauder  
  70  7:52  Barracks  
  70  7:53  SCV, Marine  
  72  8:05  Liberator  
  72  8:06  SCV, Marine  
  72  8:10  Marauder  
  72  8:11  Marine  
  77  8:18  SCV  
  78  8:21  Combat Shields  
  81  8:31  Barracks  
  81  8:32  Terran Infantry Weapons Level 1, Terran Infantry Armor Level 1  
  81  8:33  Supply Depot  
  81  8:41  Widow Mine x2  
  85  8:58  Barracks Tech Lab  
  85  9:01  Explosive Shrapnel Shells  
  85  9:05  Medivac  
  87  9:15  Refinery  
  87  9:18  SCV x2  
  87  9:19  Refinery  
  89  9:26  Supply Depot  
  89  9:30  SCV x2  
  91  9:32  Supply Depot  
  91  9:35  Medivac  
  93  9:48  Marine  
  93  9:49  Marauder x2, Marine x2  
  101  9:52  SCV  
  101  9:53  SCV  
  102  10:10  Marauder  
  102  10:14  Barracks Reactor  
  104  10:15  Concussive Shells  
  104  10:16  Marauder, Marine x2  
  108  10:26  Terran Infantry Weapons Level 2  
  108  10:29  Terran Infantry Armor Level 2  
  108  10:32  Marauder  
  110  11:08  Supply Depot  
  110  11:09  Supply Depot x2  
  110  11:19  Command Center  
  110  11:29  Marine  
  110  11:30  SCV x2  
  92  11:42  SCV x2  
  72  11:48  Marauder, Marine x4  
  72  11:49  Marauder  
  72  11:54  SCV x2  
  73  12:06  Marine x4  
  73  12:10  Marauder x2  
  53  12:23  Marine  
  53  12:24  Marine x3  
  47  12:31  Marauder  
  22  12:53  Marauder  
  22  12:55  Marine  
  22  12:56  Marine  
Show
View Real Time Build Order
Export as new Build Order

HUJYGUN Protoss - Winner!

Build Orders: Double Forge 

Get SALT Encoding   

  12  0:01  Probe (Chrono Boost)  
  13  0:12  Probe (Chrono Boost)  
  14  0:22  Probe (Chrono Boost), Pylon  
  15  0:41  Probe (Chrono Boost)  
  16  0:51  Probe (Chrono Boost)  
  17  1:02  Probe (Chrono Boost)  
  18  1:12  Probe (Chrono Boost)  
  19  1:20  Gateway  
  19  1:23  Probe (Chrono Boost)  
  19  1:24  Nexus  
  20  1:33  Probe (Chrono Boost)  
  20  1:34  Assimilator  
  21  1:44  Probe (Chrono Boost)  
  21  1:46  Forge  
  22  1:54  Probe (Chrono Boost)  
  23  2:06  Pylon  
  23  2:11  Cybernetics Core  
  23  2:17  Cybernetics Core  
  23  2:31  Cybernetics Core  
  23  2:46  Probe (Chrono Boost)  
  24  2:53  Probe (Chrono Boost)  
  24  2:56  Probe (Chrono Boost)  
  24  2:57  Zealot  
  28  3:03  Probe (Chrono Boost)  
  28  3:04  Assimilator  
  29  3:06  Probe (Chrono Boost)  
  29  3:08  Warp Gate (Chrono Boost)  
  30  3:14  Probe  
  30  3:16  Probe  
  32  3:26  Probe x2  
  32  3:27  Gateway  
  33  3:29  Gateway  
  33  3:31  Pylon  
  34  3:37  Probe  
  34  3:38  Probe  
  36  3:43  Pylon  
  36  3:47  Probe  
  36  3:53  Forge  
  36  3:55  Gateway  
  37  3:56  Protoss Ground Weapons Level 1 (Chrono Boost)  
  37  3:58  Probe, Photon Cannon  
  37  3:59  Probe  
  39  4:03  Stalker  
  41  4:11  Gateway  
  41  4:12  Pylon  
  41  4:23  Assimilator  
  41  4:25  Assimilator  
  41  4:28  Protoss Ground Armor Level 1 (Chrono Boost)  
  41  4:38  Twilight Council  
  41  4:40  Pylon  
  41  4:49  Pylon  
  41  4:53  Probe, Pylon  
  42  5:03  Probe  
  43  5:07  Zealot x2  
  43  5:09  Stalker, Zealot  
  51  5:14  Probe  
  51  5:16  Charge  
  51  5:35  Photon Cannon  
  47  5:43  Robotics Facility  
  47  5:46  Stalker  
  47  5:47  Stalker x2  
  52  6:09  Photon Cannon  
  52  6:15  Photon Cannon  
  52  6:16  Photon Cannon  
  52  6:21  Pylon  
  52  6:22  Pylon  
  52  6:30  Stalker x2  
  52  6:31  Stalker  
  58  6:34  Probe  
  58  6:37  Protoss Ground Armor Level 2 (Chrono Boost)  
  59  6:40  Protoss Ground Weapons Level 2 (Chrono Boost)  
  59  6:46  Probe  
  60  6:47  Stalker x2  
  64  6:58  Probe  
  64  7:00  Observer (Chrono Boost)  
  48  7:30  Probe  
  48  7:33  Photon Cannon  
  49  7:37  Photon Cannon  
  49  7:41  Probe  
  50  7:52  Zealot  
  50  7:53  Zealot  
  50  7:54  Zealot x3  
  50  7:57  Observer (Chrono Boost)  
  61  8:14  Zealot x4  
  61  8:15  Zealot  
  71  8:38  Zealot  
  71  8:39  Zealot x3  
  71  8:40  Zealot  
  81  8:47  Immortal (Chrono Boost)  
  81  8:48  Nexus  
  85  8:50  Protoss Ground Armor Level 3  
  85  8:52  Pylon  
  85  8:53  Protoss Ground Weapons Level 3  
  85  8:54  Pylon  
  85  8:57  Pylon  
  85  9:01  Assimilator  
  85  9:04  Zealot x3  
  85  9:05  Zealot, Assimilator  
  85  9:06  Sentry  
  95  9:17  Photon Cannon  
  95  9:21  Immortal (Chrono Boost), Photon Cannon  
  99  9:27  Photon Cannon  
  99  9:35  Stalker, Zealot x2  
  99  9:36  Zealot  
  107  9:39  Sentry  
  109  9:54  Probe  
  109  9:58  Probe  
  110  10:05  Probe  
  112  10:08  Zealot x3  
  112  10:09  Probe  
  112  10:11  Sentry  
  112  10:12  Sentry  
  123  10:15  Probe  
  123  10:17  Probe  
  123  10:19  Probe  
  126  10:24  Blink (Chrono Boost)  
  126  10:29  Probe  
  126  10:33  Immortal  
  131  10:41  Dark Shrine  
  131  10:47  Robotics Bay  
  131  10:48  Probe  
  132  10:58  Probe  
  133  11:09  Probe  
  134  11:14  Nexus  
  134  11:15  Zealot, Pylon  
  134  11:16  Sentry  
  134  11:17  Sentry  
  140  11:24  Pylon  
  140  11:27  Protoss Shields Level 1  
  140  11:29  Pylon  
  120  11:52  Zealot x4  
  120  11:53  Zealot  
  102  12:28  Zealot  
  102  12:29  Zealot x4  
  112  12:35  Assimilator  
  108  12:39  Assimilator  
  100  12:49  Zealot x4  
  100  12:50  Zealot  
  110  13:05  Gateway  
  110  13:07  Gateway  
  110  13:08  Gateway  
  110  13:11  Probe  
  110  13:12  Gateway  
  111  13:14  Gateway  
  111  13:16  Gateway  
  111  13:19  Pylon x2  
  111  13:21  Probe  
  111  13:26  Stalker x2, Zealot  
  111  13:27  Stalker  
  120  13:32  Probe  
  121  13:52  Stalker x3  
  121  13:53  Stalker x2  
  131  14:45  Stargate  
  131  14:47  Stargate  
  131  14:48  Stargate  
Tags
 
Add a new tag
Caveats
  • Supply blocks, unpowered buildings, or Contaminate may cause inaccurate times.
  • Supply counts are checked every 10 seconds.